AoeStats
← Sgt. Paulto

Nomad

508058254Analyzed
3v3 RM · 12d ago on Sep 20, 2026· 51m 38s· 6 players
Game mode
Random Map
Map size
210×210
Population
200
Speed
Normal
Resources
Standard
Victory
Conquest
Starting age
Dark Age
Ending age
Imperial Age
RankedLock teamsTeams togetherTeam positionsShared explorationLock speedFull tech treeHidden civsTurbo modeCheats
Victory
Defeat
🇺🇸 Mongols · United States
921
+12
🇱🇧 Lithuanians · Lebanon
845
+16
🇺🇸 Spanish · United States
831
+26
🇩🇪 Franks · Germany
971
-20
🇩🇪 Japanese · Germany
779
-12
🇩🇪 Chinese · Germany
762
-12
A
4:19 Loom
14:46 Feudal Age
19:00 Castle Age
19:22 Light Cavalry
40:22 Wheelbarrow
44:46 Imperial Age
44:16 Hand Cart
44:01 Gold Mining
44:45 Horse Collar
46:08 Forging
46:04 Scale Barding Armor
48:23 Elite Leitis
51:01 Iron Casting
50:47 Chain Barding Armor
51:01 Tower Shields
Blue_Silver
4:28 Loom
14:47 Feudal Age
15:34 Feudal Age
17:26 Double-Bit Axe
20:01 Castle Age
19:07 Horse Collar
22:30 Bow Saw
22:21 Heavy Plow
24:51 Fletching
26:03 Bodkin Arrow
26:21 Padded Archer Armor
28:24 Thumb Ring
28:22 Husbandry
31:09 Bloodlines
32:44 Leather Archer Armor
37:44 Ballistics
38:12 Gold Mining
38:14 Stone Mining
45:26 Imperial Age
42:43 Town Watch
45:39 Elite Mangudai
47:37 Drill
46:43 Capped Ram
49:01 Chemistry
48:49 Wheelbarrow
48:15 Town Patrol
49:23 Parthian Tactics
49:59 Conscription
49:58 Siege Ram
51:31 Gold Shaft Mining
51:32 Stone Shaft Mining
51:09 Siege Engineers
51:15 Masonry
52:09 Bracer
Sgt. Paulto
16:38 Feudal Age
16:57 Loom
18:00 Wheelbarrow
18:41 Double-Bit Axe
18:52 Gold Mining
25:09 Castle Age
23:37 Fishing Lines
25:30 Bloodlines
25:45 Scale Barding Armor
28:35 Hand Cart
27:46 Pikeman
33:58 Husbandry
34:21 Chain Barding Armor
34:12 Forging
36:37 Iron Casting
37:41 Horse Collar
38:47 Bow Saw
48:31 Heavy Plow
^0Louis
6:24 Loom
17:26 Feudal Age
19:59 Forging
19:54 Scale Barding Armor
20:08 Gold Mining
22:33 Castle Age
20:51 Double-Bit Axe
24:05 Iron Casting
23:51 Chain Barding Armor
24:31 Bow Saw
24:35 Husbandry
42:35 Stone Mining
47:09 Gold Shaft Mining
47:35 Town Watch
49:04 Wheelbarrow
butteryassluke
11:55 Loom
14:32 Feudal Age
21:04 Wheelbarrow
22:38 Castle Age
21:14 Wheelbarrow
20:25 Town Watch
21:35 Fletching
22:41 Gold Mining
24:59 Forging
25:26 Scale Mail Armor
33:19 Bodkin Arrow
34:30 Yasama
35:25 Medium Warships
47:35 Fishing Lines
jip
3:53 Loom
14:30 Feudal Age
16:07 Double-Bit Axe
18:33 Gold Mining
26:24 Castle Age
24:43 Scale Mail Armor
24:34 Fletching
26:37 Stone Mining
26:44 Pikeman
27:24 Squires
27:43 Crossbowman
34:28 Bodkin Arrow
34:43 Forging
35:34 Bow Saw
46:23 Thumb Ring
Connection lost

Rejoining the realm…

Still unreachable

The connection could not be restored.

Session expired

The server has moved on; the page needs a fresh start.